 Dungeon Crawl Stone Soup version 0.31.0-11-ge490571c62 (webtiles) character file.

Game seed: 11847623327343050150

218 qw the Shooter (level 5, -1/26 HPs)
             Began as a Spriggan Hunter on Feb 4, 2024.
             Slain by a sleepcap (5 damage)
             ... on level 4 of the Dungeon.
             The game lasted 00:00:10 (2772 turns).

qw the Shooter (Spriggan Hunter)                    Turns: 2772, Time: 00:00:11

Health: -1/26      AC:  4    Str:  7    XL:     5   Next: 63%
Magic:  6/6        EV: 20    Int: 11    God:
Gold:   79         SH:  5    Dex: 20    Spells: 4/4 levels left

rFire   . . .        a - +2 shortbow
rCold   . . .        (shield currently unavailable)
rNeg    . . .        c - +0 robe
rPois   .            h - +2 hat
rElec   .            (no cloak)
rCorr   .            (gloves unavailable)
SInv    +            (boots unavailable)
Will    .....        d - amulet of reflection
Stlth   ++           (no ring)
HPRegen 0.24/turn    (no ring)
MPRegen 0.10/turn

%: reflection
@: very quick
A: very small, no large weapons, unfitting armour, see invisible, speed 3
a: no special abilities


You were on level 4 of the Dungeon.
You visited 1 branch of the dungeon, and saw 4 of its levels.

You collected 79 gold pieces.


Innate Abilities, Weirdness & Mutations

You are very small and have problems with some larger weapons.
You are too small for most types of armour.
You have supernaturally acute eyesight. (SInv)
You cover ground extremely quickly. (Speed+++)


   Skills:
 - Level 2.0 Fighting
 + Level 5.9 Ranged Weapons
 - Level 5.1 Dodging
 - Level 1.5 Stealth


You had 4 spell levels left.
You didn't know any spells.
Your spell library was empty.

Inventory:

Hand Weapons
 a - a +2 shortbow (weapon)
Armour
 c - a +0 robe (worn)
 h - a +2 hat (worn)
Jewellery
 d - an amulet of reflection (around neck)
 l - a +6 ring of dexterity
Potions
 b - a potion of might {unknown}
 e - 2 potions of lignification {unknown}
 f - 2 potions of degeneration {unknown}
 g - a potion of berserk rage {unknown}
 i - a potion of heal wounds {unknown}
 k - a potion of brilliance {unknown}

Dungeon Overview and Level Annotations

Branches:
Dungeon (4/15)
 Temple: D:4-7

Altars:
Vehumet

Shops:
D:4 [([=


Message History

Beogh smites you!
Ouch! That really hurt!
You shoot an arrow. The arrow hits the ribbon worm!
The ribbon worm is severely wounded.
The orc priest invokes the aid of Beogh against you.
Pain shoots through your body!
2762 ||| READING scroll of teleportation.
As you read the scroll of teleportation, it crumbles to dust.
You feel strangely unstable.
The ribbon worm expels a string of sticky webbing.
The stream of webbing misses you.
You shoot an arrow. The arrow hits the ribbon worm!
You kill the ribbon worm!
The orc priest barely misses you.
You shoot an arrow.
The arrow closely misses the orc priest.
The arrow closely misses the orc.
The orc wizard closely misses you. The orc misses you.
You shoot an arrow.
The arrow closely misses the orc wizard.
Your surroundings suddenly seem different.
A sleepcap comes into view.
You shoot an arrow. The arrow hits the sleepcap.
The sleepcap is lightly damaged.
You shoot an arrow. The arrow hits the sleepcap.
The sleepcap is lightly damaged.
You shoot an arrow. The arrow hits the sleepcap.
The sleepcap is moderately damaged.
You shoot an arrow. The arrow hits the sleepcap.
The sleepcap is heavily damaged.
You shoot an arrow. The arrow hits the sleepcap!
The sleepcap is almost destroyed.
You shoot an arrow.
The arrow hits the sleepcap but does no damage.
The sleepcap is almost destroyed.
You block the sleepcap's attack.
You shoot an arrow. The arrow hits the sleepcap.
The sleepcap is almost destroyed.
The sleepcap releases spores at you.
You die...

## ##
... ..
...##.
..#..
#...
#+#
####...
#@#
.$...)o
#f#
####o)
#..
...##.
##..
.......
...
.....~.
....
.....~.
.....
.....~.
......
.....~.
.....~\


You could see a sleepcap.

Vanquished Creatures
  A bombardier beetle (D:4)
  9 adders
  3 dart slugs
  A ribbon worm (D:4)
  2 orcs
  8 endoplasms
  5 giant cockroaches
  8 goblins
  12 hobgoblins
  6 jackals
  5 quokkas
  6 ball pythons
  8 bats
  2 frilled lizards (D:1)
  9 kobolds
  10 rats
95 creatures vanquished.

Vanquished Creatures (others)
  A jackal (D:3)
1 creature vanquished.

Grand Total: 96 creatures vanquished

Notes
Turn   | Place    | Note
-------+----------+-------------------------------------------
     0 | D:1      | qw the Spriggan Hunter began the quest for the Orb.
     0 | D:1      | Reached XP level 1. HP: 10/10 MP: 2/2
     0 | D:1      | 0 ||| qw: Version: 0.3-a-160-g6735b56
     0 | D:1      | 0 ||| qw: Game counter: 5546
     0 | D:1      | 0 ||| qw: Melee chars always use a shield: true
     0 | D:1      | 0 ||| qw: God list: Okawaru
     0 | D:1      | 0 ||| qw: Allow faded altars: false
     0 | D:1      | 0 ||| qw: Do Orc after clearing Dungeon:15 true
     0 | D:1      | 0 ||| qw: Do second Lair branch before Depths: true
     0 | D:1      | 0 ||| qw: Lair rune preference: random
     0 | D:1      | 0 ||| qw: Goals: Normal
     0 | D:1      | 0 ||| PLANNING D:1-11
    69 | D:1      | Reached skill level 3 in Dodging
   105 | D:1      | Reached XP level 2. HP: 14/14 MP: 3/3
   393 | D:1      | Reached XP level 3. HP: 11/18 MP: 4/4
   765 | D:1      | 765 ||| UPGRADING to +2 hat.
   770 | D:1      | 770 ||| UPGRADING to amulet of reflection.
   775 | D:1      | 775 ||| READING scroll labelled GAIL MO RIAJE.
   876 | D:1      | 876 ||| READING 2 scrolls labelled VUECRI EMOIF.
   876 | D:1      | 876 ||| ENCHANTING +0 shortbow.
   877 | D:1      | 877 ||| READING scroll of enchant weapon.
   877 | D:1      | 877 ||| ENCHANTING +1 shortbow.
   878 | D:1      | 878 ||| DROPPING scroll of butterflies.
   959 | D:2      | 959 ||| STAIRDANCE
  1059 | D:2      | Reached XP level 4. HP: 22/22 MP: 5/5
  1364 | D:2      | HP: 5/23 [poisoned by an adder]
  1433 | D:2      | 1433 ||| FLEEEEING.
  1435 | D:2      | 1435 ||| FLEEEEING.
  1436 | D:2      | 1436 ||| FLEEEEING.
  1437 | D:2      | 1437 ||| FLEEEEING.
  1496 | D:2      | Reached XP level 5. HP: 26/26 MP: 6/6
  1691 | D:2      | 1691 ||| READING scroll labelled FIPUEC NOECO.
  1691 | D:2      | 1691 ||| ENCHANTING +2 shortbow.
  1692 | D:2      | 1692 ||| READING scroll labelled VUNOME YCIORR.
  1774 | D:3      | Found a radiant altar of Vehumet.
  2412 | D:3      | 2412 ||| DROPPING ring of magical power.
  2413 | D:3      | 2413 ||| READING scroll labelled ICOFOI GITWUNN.
  2414 | D:3      | 2414 ||| READING scroll labelled AXTOKI LIJALUFF.
  2416 | D:3      | 2416 ||| Stepping ~*~*~tactically~*~*~ (cloud).
  2423 | D:3      | HP: 6/26 [poisoned by you (poison gas)]
  2563 | D:4      | Found Hicem's Jewellery Emporium.
  2564 | D:4      | Found Bikoapn's Antique Armour Shoppe.
  2568 | D:4      | 2568 ||| SHOPLISTING +6 ring of dexterity (396 gold, have
                  | 79).
  2568 | D:4      | 2568 ||| SHOPLISTING ring of ice (275 gold, have 79).
  2568 | D:4      | 2568 ||| SHOPLISTING ring of poison resistance (220 gold,
                  | have 79).
  2568 | D:4      | 2568 ||| SHOPLISTING ring of willpower (275 gold, have 79).
  2739 | D:4      | Found Vaihuph's Armour Shoppe.
  2748 | D:4      | Found Xeningar's Weapon Shoppe.
  2761 | D:4      | HP: 1/26 [orc priest/nerve-wracking pain (12)]
  2762 | D:4      | 2762 ||| READING scroll of teleportation.
  2772 | D:4      | Slain by a sleepcap

Levels and vault maps discovered:
D:1:      onia_arrival_mini_maze_b, layout_basic, minmay_tromino_v7
D:2:      layout_loops_ring, minmay_diced_spiral
D:3:      layout_basic, fiery_altar_vehumet
D:4:      layout_basic, mainiacjoe_overflow_six_doors_small, serial_shops,
          nicolae_shop_peninsula, nicolae_shop_bloodbath_and_beyond, shop, shop,
          shop, supply_closet_lemuel, uniq_crazy_yiuf_cottage, uniq_grinder,
          uniq_duvessa

Skill      XL: |  1  2  3  4 |
---------------+-------------+-----
Dodging        | 3 4 5 |  5.1
Ranged Weapons | 5 |  5.9
Fighting       | 2 |  2.0
Stealth        | |  1.5

Action                     |  1- 3 |  4- 6 || total
---------------------------+-------+-------++-------
   Fire: Shortbow          |   123 |   109 ||   232
    Use: Scroll            |     3 |     5 ||     8
 Armour: Robe              |     5 |     6 ||    11
  Dodge: Dodged            |    36 |    23 ||    59
  Block: Other             |     2 |     4 ||     6

Table legend:
 A = Non-vault XP
 B = Vault XP
 C = Vault XP percentage of total XP
 D = Non-vault monster count
 E = Vault monster count
 F = Vault count percentage of total count
                 A         B        C        D         E       F
            +---------+---------+-------+---------+---------+-------
      Total |     274 |      38 |  12.2 |      85 |      10 |  10.5
            +---------+---------+-------+---------+---------+-------
        D:1 |      76 |       7 |   8.4 |      38 |       5 |  11.6
        D:2 |      91 |      31 |  25.4 |      20 |       5 |  20.0
        D:3 |      50 |       0 |   0.0 |      20 |       0 |   0.0
        D:4 |      57 |       0 |   0.0 |       7 |       0 |   0.0
            +---------+---------+-------+---------+---------+-------
